 Dungeon Crawl Stone Soup version 0.29-a0-338-g1ff7896281 (webtiles) character file.

Game seed: 13127901194569203953

252 Jortsu the Cudgeller (level 5, -17/53 HPs)
             Began as a Troll Fighter on Apr 19, 2022.
             Was a Follower of Cheibriados.
             Demolished by an ogre
             ... wielding a +0 giant spiked club
              (21 damage)
             ... on level 4 of the Dungeon.
             The game lasted 00:03:34 (2647 turns).

Jortsu the Cudgeller (Troll Fighter)                Turns: 2647, Time: 00:03:35

Health: -17/53     AC:  5    Str: 35    XL:     5   Next: 89%
Magic:  4/4        EV:  9    Int:  7    God:    Cheibriados [*.....]
Gold:   227        SH:  8    Dex: 12    Spells: 4/4 levels left

rFire   . . .      SeeInvis .   a - +1 flail
rCold   . . .      Faith    .   c - +0 kite shield
rNeg    . . .      Spirit   .   b - +0 robe
rPois   .          Reflect  .   (helmet restricted)
rElec   .          Harm     .   i - +0 cloak
rCorr   .          Rampage  .   (gloves unavailable)
Will    .....                   (boots unavailable)
Stlth   +.........              (no amulet)
HPRegen 0.97/turn               n - +6 ring of strength
MPRegen 0.09/turn               (no ring)

@: mighty, very slow
A: large, unfitting armour, claws 3, regeneration 1, shaggy fur 1, tough skin 1
a: Renounce Religion, Bend Time


You were on level 4 of the Dungeon.
You worshipped Cheibriados.
Cheibriados was aware of your devotion.
You visited 1 branch of the dungeon, and saw 4 of its levels.

You collected 227 gold pieces.

Inventory:

Hand Weapons
 a - a +1 flail (weapon)
Armour
 b - a +0 robe (worn)
 c - a +0 kite shield (worn)
 i - a +0 cloak (worn)
Jewellery
 n - a +6 ring of strength (left claw)
 p - a +6 ring of intelligence
 r - a ring of ice
Scrolls
 e - 3 scrolls of magic mapping
 m - 2 scrolls of teleportation
 s - a scroll of vulnerability {unknown}
Potions
 d - a potion of might
 f - a potion of flight {unknown}
 g - 2 potions of haste
 h - a potion of attraction {unknown}
 j - a potion of invisibility {unknown}
 k - 2 potions of berserk rage {unknown}
 l - a potion of heal wounds {unknown}
 o - 2 potions of resistance {unknown}
 q - a potion of mutation {unknown}


   Skills:
 + Level 3.2 Fighting
 + Level 3.5 Maces & Flails
 + Level 3.3 Dodging
 + Level 0.1 Stealth
 + Level 3.4 Shields


You had 4 spell levels left.
You didn't know any spells.
Your spell library contained the following spells:

 Spells                   Type           Power      Damage    Failure   Level
 Sting                    Tmut/Pois      0%         1d3       73%         1
 Ensorcelled Hibernation  Hex/Ice        0%         N/A       86%         2
 Passwall                 Tmut/Erth      0%         N/A       86%         2
 Poisonous Vapours        Pois/Air       0%         N/A       86%         2
 Stone Arrow              Conj/Erth      0%         3d7       97%         3
 Swiftness                Air            0%         N/A       97%         3
 Animate Armour           Summ/Erth      0%         N/A       100%        4
 Olgreb's Toxic Radiance  Pois           0%         N/A       100%        4
 Lehudib's Crystal Spear  Conj/Erth      0%         10d2      100%        8


Dungeon Overview and Level Annotations

Branches:
Dungeon (4/15)
 Temple: D:4-7

Altars:
Cheibriados
Qazlal

Shops:
D:1 [


Innate Abilities, Weirdness & Mutations

You are too large for most types of armour.
You have claws for hands.
Your natural rate of healing is unusually fast.
You are covered in fur. (AC +1)
You have tough skin. (AC +1)


Message History

The dart slug launches a dart at you. The slug dart misses you.
You hit the dart slug.
The dart slug is severely wounded.
The dart slug launches a dart at you.
The slug dart hits you but does no damage.
You sock the dart slug!
You kill the dart slug!
Found a stone staircase leading down.
You pick up a Young Poisoner's Handbook and begin reading...
You add the spells Sting, Poisonous Vapours and Olgreb's Toxic Radiance to your library.
Found a club.
You see here 5 poisoned darts.
A giant cockroach comes into view.
The giant cockroach waves its antennae.
The giant cockroach moves out of view.
A giant cockroach is nearby!
You sock the giant cockroach!
You kill the giant cockroach!
Cheibriados thoroughly appreciates the change of pace.
You see here a giant cockroach corpse.
You pick up a book of Burglary and begin reading...
You add the spells Passwall, Ensorcelled Hibernation and Swiftness to your library.
e - 3 scrolls of magic mapping (gained 1)
An ogre comes into view. It is wielding a +0 giant spiked club.
The ogre shouts!
You feel very mighty all of a sudden.
You sock the ogre!
The ogre is moderately wounded.
The ogre hits you with a +0 giant spiked club!!!
Ouch! That really hurt!
* * * LOW HITPOINT WARNING * * *
You barely miss the ogre.
The ogre is moderately wounded.
The ogre hits you with a +0 giant spiked club!
* * * LOW HITPOINT WARNING * * *
You sock the ogre!
The ogre is almost dead.
The ogre hits you with a +0 giant spiked club!!
You die...

#..# #... ##
#...#...# .. .......
. ... #.....# ....
.... .....##....
..... ............
..... #O..........
.... ###@....#.....
#... #...#..##......
#. ##..#...#.....##
##.
###............###..
#..................#
##...#.#...#.##.....
###.#.#......##.##.
###....)....#....
##..........(..


You could see an ogre.

Vanquished Creatures
  A bullfrog (D:4)
  Natasha (thrice) (D:2)
  2 adders
  4 gnolls (D:2)
  2 dart slugs
  6 orcs
  4 ball pythons (D:2)
  3 endoplasms
  3 giant cockroaches
  2 hobgoblins
  6 jackals
  A quokka (D:1)
  5 bats (D:2)
  4 frilled lizards
  2 kobolds
  4 rats
52 creatures vanquished.

Vanquished Creatures (others)
  A withered plant (D:3)
1 creature vanquished.

Grand Total: 53 creatures vanquished

Notes
Turn   | Place    | Note
-------+----------+-------------------------------------------
     0 | D:1      | Jortsu the Troll Fighter began the quest for the Orb.
     0 | D:1      | Reached XP level 1. HP: 22/22 MP: 0/0
   182 | D:1      | Reached XP level 2. HP: 29/29 MP: 1/1
   433 | D:1      | Found Tyfulaqa's Armour Shoppe.
   893 | D:2      | Reached XP level 3. HP: 31/36 MP: 2/2
  1052 | D:2      | Noticed Natasha
  1058 | D:2      | Killed Natasha
  1304 | D:2      | Reached XP level 4. HP: 38/44 MP: 3/3
  1429 | D:2      | Noticed Natasha
  1435 | D:2      | Killed Natasha
  1443 | D:2      | Noticed Natasha
  1451 | D:2      | Killed Natasha
  1452 | D:2      | Reached XP level 5. HP: 34/52 MP: 4/4
  1695 | D:3      | Found a faded altar of an unknown god.
  1704 | D:3      | Prayed at the altar of an unknown god.
  1704 | D:3      | Became a worshipper of Cheibriados the Contemplative
  1704 | D:3      | Reached * piety under Cheibriados
  2510 | D:4      | Found a stormy altar of Qazlal.
  2640 | D:4      | Noticed an ogre
  2647 | D:4      | Demolished by an ogre

Illustrated notes

Levels and vault maps discovered:
D:1:      dpeg_arrival_stonehenge_8_columns, layout_basic, serial_shops,
          nicolae_shop_behind_doors
D:2:      layout_basic, uniq_natasha
D:3:      layout_basic, ebering_ecumenical_altar_petrified, due_unseen_surprise
D:4:      layout_cave_pools, grunt_qazlal_clouds,
          lemuel_zombie_altar_kikubaaqudgha

Skill      XL: |  1  2  3  4  5 |
---------------+----------------+-----
Maces & Flails | 2 3 |  3.5
Dodging        | 3 |  3.3
Shields        | 3 |  3.4
Fighting       | 3 |  3.2
Stealth        | |  0.1

Action                   |  1- 3 |  4- 6 || total
-------------------------+-------+-------++-------
Melee: Flail             |   104 |    74 ||   178
  Use: Scroll            |     2 |     7 ||     9
       Potion            |       |     1 ||     1
Armor: Robe              |    75 |    19 ||    94
Dodge: Dodged            |    57 |    22 ||    79
Block: Kite shield       |    52 |    41 ||    93

Table legend: (Time is in decaauts)
 A = Elapsed time spent in this place.
 B = Non-inter-level travel time spent in this place.
 C = Inter-level travel time spent in this place.
 D = Time resting spent in this place.
 E = Time spent auto-exploring this place.
 F = Levels seen in this place.
 G = Mean time per level.
                   A        B        C        D        E       F      G
               +--------+--------+--------+--------+--------+-----+--------+
         Total |   3044 |   2948 |     96 |     35 |   2294 |   4 |  761.0 |
       Dungeon |   3044 |   2948 |     96 |     35 |   2294 |   4 |  761.0 |
               +--------+--------+--------+--------+--------+-----+--------+

Top non-repeatable levels by time:
     D:3: 1100 daAuts
     D:2: 1003 daAuts
     D:1: 746 daAuts
     D:4: 193 daAuts
